 Dungeon Crawl Stone Soup version 0.31-a0-43-g46d131a48f (webtiles) character file.

Game seed: 5321819934264816287

137 hadoken the Poker (level 5, -3/38 HPs)
             Began as a Merfolk Gladiator on May 19, 2023.
             Slain by a gnoll
             ... wielding a +0 halberd
              (13 damage)
             ... on level 3 of the Dungeon.
             The game lasted 00:03:51 (2721 turns).

hadoken the Poker (Merfolk Gladiator)               Turns: 2721, Time: 00:03:52

Health: -3/38      AC:  5    Str: 16    XL:     5   Next: 20%
Magic:  14/14      EV: 13    Int:  7    God:
Gold:   122        SH:  0    Dex: 16    Spells: 4/4 levels left

rFire   + . .        a - +0 trident
rCold   . . .        (no shield)
rNeg    . . .        b - +0 leather armour
rPois   .            c - +0 helmet
rElec   .            e - +0 cloak
rCorr   .            (no gloves)
SInv    .            (no boots)
Will    .....        (no amulet)
Stlth   +            h - ring of magical power
HPRegen 0.26/turn    f - ring of protection from fire
MPRegen 0.14/turn

%: no passive effects
@: no status effects
A: (nimble swimmer 2), mertail
a: no special abilities


You were on level 3 of the Dungeon.
You visited 1 branch of the dungeon, and saw 3 of its levels.

You collected 122 gold pieces.

Inventory:

Hand Weapons
 a - a +0 trident (weapon)
Missiles
 d - 2 throwing nets
 i - 7 poisoned darts
 u - a javelin (quivered)
Armour
 b - a +0 leather armour (worn)
 c - a +0 helmet (worn)
 e - a +0 cloak (worn)
Jewellery
 f - a ring of protection from fire (right hand)
 h - a ring of magical power (left hand)
Scrolls
 g - 2 scrolls of identify
 j - 2 scrolls of teleportation {unknown}
 m - a scroll of poison {unknown}
 n - a scroll of brand weapon {unknown}
 s - 2 scrolls of immolation {unknown}
 t - a scroll of acquirement {unknown}
 w - a scroll of magic mapping {unknown}
 y - a scroll of blinking {unknown}
Potions
 k - a potion of might
 l - 3 potions of haste {unknown}
 o - 4 potions of brilliance {unknown}
 p - a potion of ambrosia {unknown}
 q - a potion of magic {unknown}
 r - 2 potions of heal wounds {unknown}
 v - a potion of resistance {unknown}
 x - a potion of attraction {unknown}


   Skills:
 - Level 2.1 Fighting
 + Level 7.6 Polearms
 - Level 2.0 Throwing
 - Level 4.0 Dodging


You had 4 spell levels left.
You didn't know any spells.
Your spell library contained the following spells:

 Spells                   Type           Power      Damage    Failure   Level
 Poisonous Vapours        Pois/Air       0%         N/A       65%         2
 Mephitic Cloud           Conj/Pois/Air  0%         N/A       86%         3
 Freezing Cloud           Conj/Ice/Air   0%         6-21      100%        5


Dungeon Overview and Level Annotations

Branches:
Dungeon (3/15)

Altars:

Shops:
D:2 :[[


Innate Abilities, Weirdness & Mutations

((You are very nimble when in or above water. (Stealth+, EV+, Speed+++)))
Your lower body shifts to a powerful aquatic tail in water.


Message History

Aim: a hound (51% to hit)
You throw a javelin. The javelin closely misses the hound.
The javelin pierces through the gnoll.
The gnoll is moderately wounded.
The javelin closely misses the hound.
The hound bites the bush but does no damage.
The hound barely misses you. x2; The gnoll hits you but does no damage.
Throw: 3 javelins
Press: ? - help, Q - select action, (/) - cycle Shift-Dir - straight line, f/p - hound
Aim: a hound (51% to hit)
You throw a javelin. The javelin pierces through the hound.
The hound is lightly wounded.
The javelin closely misses the gnoll.
The javelin pierces through the hound!
The hound is severely wounded.
The hound bites you but does no damage. x2
The gnoll hits you from afar with a +0 halberd.
The hound attacks as you move away! The hound closely misses you. x2
The hound closely misses you. The hound bites you.
There is an open door here.
Throw: 2 javelins
Press: ? - help, Q - select action, (/) - cycle Shift-Dir - straight line, f/p - hound
Aim: a hound (lightly wounded, 51% to hit)
You throw a javelin. The javelin pierces through the hound.
The hound is lightly wounded.
The javelin completely misses the gnoll.
The javelin pierces through the hound but does no damage.
The hound is severely wounded.
The hound bites you but does no damage.
The gnoll hits you from afar with a +0 halberd!
The hound barely misses you.
The gnoll hits you from afar with a +0 halberd!
* * * LOW HITPOINT WARNING * * *
As you read the scroll labelled LUM ERGHOJ XOUM, it crumbles to dust.
It is a scroll of identify.
k - a potion of might The hound closely misses you.
The hound bites you.
* * * LOW HITPOINT WARNING * * *
The gnoll hits you from afar with a +0 halberd!
You die...

.#######.........)..#.#.....#....
.# ##...#########.#####.#.### .##
#...# #............ ..### #...#
#######.#.### #...# #...# #.#.#
###.# ####### ############.#.###
### #..# #..........#......
#..#######..........###.###
#+#+#P.##(.hgh@.........'...#
#(..'.....####..........###.#
#...#P.##.# #..........# #.# #..
#..##.# ############ #.# ##
#...#.# #.# ###...# #.# ##..# #.#
##.## #.# #..################.#


You could see 2 hounds and a gnoll.

Vanquished Creatures
  Crazy Yiuf (D:2)
  5 adders
  4 dart slugs
  An orc (D:3)
  3 ball pythons
  4 endoplasms
  2 giant cockroaches (D:1)
  6 goblins
  2 hobgoblins
  3 jackals (D:3)
  3 quokkas
  7 bats
  6 frilled lizards (D:1)
  5 kobolds
  6 rats
58 creatures vanquished.

Notes
Turn   | Place    | Note
-------+----------+-------------------------------------------
     0 | D:1      | hadoken the Merfolk Gladiator began the quest for the Orb.
     0 | D:1      | Reached XP level 1. HP: 16/16 MP: 1/1
    72 | D:1      | Reached XP level 2. HP: 21/22 MP: 2/2
    96 | D:1      | Reached skill level 5 in Polearms
   378 | D:1      | Reached XP level 3. HP: 27/27 MP: 3/3
   964 | D:2      | Reached skill level 6 in Polearms
  1021 | D:2      | Found a runed translucent door.
  1022 | D:2      | Noticed Crazy Yiuf
  1074 | D:2      | Found Wizxaeh's Book Shop.
  1096 | D:2      | Found a faded altar of an unknown god.
  1143 | D:2      | Reached XP level 4. HP: 33/33 MP: 4/4
  1398 | D:2      | Found Vaqohij's Armour Shop.
  1398 | D:2      | Noticed an animated storm dragon scales
  1401 | D:2      | Noticed an animated pearl dragon scales
  1828 | D:2      | Found Ruuryogg's Antique Armour Emporium.
  1911 | D:2      | Killed Crazy Yiuf
  1912 | D:2      | Reached skill level 7 in Polearms
  2185 | D:3      | Reached XP level 5. HP: 35/38 MP: 5/5
  2721 | D:3      | Slain by a gnoll

Illustrated notes

Levels and vault maps discovered:
D:1:      amcnicky_arrival_feature_with_door, layout_basic
D:2:      layout_basic, basic_ecumenical_altar, serial_shops,
          nicolae_shop_mannequins, shop, nicolae_shop_dealshenge,
          kennysheep_generic_room_2, uniq_crazy_yiuf_cottage
D:3:      layout_basic, hex_intersection, cheibrodos_gnoll_hut, uniq_terence,
          uniq_jessica

Skill      XL: |  1  2  3  4 |
---------------+-------------+-----
Polearms       | 5 6 7 |  7.6
Fighting       | |  2.1
Throwing       | |  2.0
Dodging        | |  4.0

Action                     |  1- 3 |  4- 6 || total
---------------------------+-------+-------++-------
  Melee: Trident           |   106 |   105 ||   211
         Punch             |     1 |       ||     1
  Throw: Dart              |    22 |    12 ||    34
         Javelin           |       |     6 ||     6
         Throwing net      |       |     1 ||     1
    Use: Scroll            |       |     1 ||     1
   Stab: Sleeping          |       |     1 ||     1
 Armour: Leather armour    |    32 |    30 ||    62
  Dodge: Dodged            |    64 |    76 ||   140

Table legend: (Time is in decaauts)
 A = Elapsed time spent in this place.
 B = Non-inter-level travel time spent in this place.
 C = Inter-level travel time spent in this place.
 D = Time resting spent in this place.
 E = Time spent auto-exploring this place.
 F = Levels seen in this place.
 G = Mean time per level.
                   A        B        C        D        E       F      G
               +--------+--------+--------+--------+--------+-----+--------+
         Total |   2717 |   2640 |     77 |    206 |   1964 |   3 |  905.7 |
       Dungeon |   2717 |   2640 |     77 |    206 |   1964 |   3 |  905.7 |
               +--------+--------+--------+--------+--------+-----+--------+

Top non-repeatable levels by time:
     D:2: 1051 daAuts
     D:1: 911 daAuts
     D:3: 754 daAuts
